 Dungeon Crawl Stone Soup version 0.28-a0-683-ga8797d1ae1 (webtiles) character file.

Game seed: 11445205098133929991

20 SkeletonJelly the Changer (level 3, -2/26 HPs)
             Began as a Human Wanderer on Oct 19, 2021.
             Slain by a quokka (3 damage)
             ... on level 1 of the Dungeon.
             The game lasted 00:01:05 (389 turns).

SkeletonJelly the Changer (Human Wanderer)           Turns: 389, Time: 00:01:06

Health: -2/26      AC:  2    Str:  9    XL:     3   Next: 0%
Magic:  5/6        EV: 11    Int: 16    God:
Gold:   26         SH:  0    Dex: 12    Spells: 5/6 levels left

rFire   . . .      SeeInvis .     - Unarmed
rCold   . . .      Faith    .   (no shield)
rNeg    . . .      Spirit   .   d - +0 robe
rPois   .          Reflect  .   (helmet currently unavailable)
rElec   .          Harm     .   (no cloak)
rCorr   .          Rampage  .   (no gloves)
Will    .....                   (boots currently unavailable)
Stlth   ++........              (no amulet)
HPRegen 0.08/turn               (no ring)
MPRegen 0.10/turn               (no ring)

@: appendages (expiring)
A: horns 2, talons 2
a: End Transformation


You were on level 1 of the Dungeon.
You had temporarily grown beastly horns and talons.
You visited 1 branch of the dungeon, and saw 1 of its levels.

You collected 26 gold pieces.

Inventory:

Hand Weapons
 a - a +2 dagger
 c - a +0 spear
Missiles
 b - 4 curare-tipped darts (quivered)
Armour
 d - a +0 robe (worn)
Scrolls
 e - a scroll of blinking {unknown}
 g - 2 scrolls of identify {unknown}
Potions
 f - a potion of heal wounds {unknown}


   Skills:
 - Level 1.0 Fighting
 - Level 1.0 Throwing
 - Level 2.0 Armour
 - Level 1.0 Stealth
 * Level 1.8 Unarmed Combat
 - Level 2.0 Spellcasting
 + Level 2.4 Transmutations
 - Level 1.0 Poison Magic


You had 5 spell levels left.
You knew the following spells:

 Your Spells              Type           Power      Damage    Failure   Level
a - Beastly Appendage     Tmut           18%        N/A       8%          1

Your spell library contained the following spells:

 Spells                   Type           Power      Damage    Failure   Level
 Spider Form              Tmut/Pois      3%         N/A       30%         3


Dungeon Overview and Level Annotations

Branches:
Dungeon (1/15)

Altars:


Innate Abilities, Weirdness & Mutations

You have temporarily grown beastly horns and talons.


Message History

You grow a pair of large bovine horns.
Your feet morph into talons.
The hobgoblin hits you.
You take 1 damage, and have 20/21 hp.
You now have 4/5 mp.
You hit the hobgoblin but do no damage. Your kick misses the hobgoblin.
The hobgoblin hits you.
You take 2 damage, and have 18/21 hp.
You hit the hobgoblin but do no damage. Your kick misses the hobgoblin.
You hit the hobgoblin. You headbutt the hobgoblin.
You kill the hobgoblin!
Your transformation is almost over.
The goblin hits you with a +0 dagger.
You take 2 damage, and have 16/21 hp.
You hit the goblin. You claw the goblin.
You kill the goblin!
The endoplasm barely misses you.
You hit the endoplasm but do no damage.
The endoplasm hits you but does no damage.
You hit the endoplasm. You headbutt the endoplasm.
The endoplasm is almost dead.
The endoplasm barely misses you.
You hit the endoplasm.
You kill the endoplasm!
No target in view!
No target in view!
No target in view!
No target in view!
No target in view!
Your horns disappear.
Your talons disappear.
Key pressed, stopping explore.
Things that are here:
a +0 dagger; 14 stones; a goblin corpse; Health restored: 21; MP restored: 5 Key pressed, stopping explore.
Key pressed, stopping explore.
Key pressed, stopping explore.
g - 2 scrolls labelled TUATHUFFAO (gained 1)
A gnoll comes into view. It is wielding a +0 club.
A gnoll is nearby!
A gnoll is nearby!
The gnoll shouts!
A quokka comes into view.
Casting: Beastly Appendage (safe; 9% risk of failure)
Confirm with . or Enter, or press ? or * to list all spells.
You grow a pair of large bovine horns.
Your feet morph into talons.
You now have 4/5 mp.
An endoplasm comes into view.
The gnoll hits you with a +0 club.
You take 1 damage, and have 20/21 hp.
The endoplasm quivers.
You hit the gnoll.
The gnoll is lightly wounded.
The gnoll closely misses you.
You barely miss the gnoll. You claw the gnoll.
The gnoll is moderately wounded.
The gnoll barely misses you.
You hit the gnoll but do no damage. You claw the gnoll.
The gnoll is moderately wounded.
The gnoll hits you with a +0 club.
You take 4 damage, and have 16/21 hp.
You closely miss the gnoll. You claw the gnoll.
The gnoll is severely wounded.
The gnoll hits you with a +0 club!
You take 7 damage, and have 9/21 hp.
MASSIVE DAMAGE!!
You are too injured to fight recklessly!
You are too injured to fight recklessly!
You are too injured to fight recklessly!
You are too injured to fight recklessly!
You are too injured to fight recklessly!
You are too injured to fight recklessly!
You hit the gnoll. You claw the gnoll.
The gnoll is almost dead.
The gnoll hits you with a +0 club.
* * * LOW HITPOINT WARNING * * *
You take 5 damage, and have 4/21 hp.
MASSIVE DAMAGE!!
You closely miss the gnoll. You headbutt the gnoll.
You kill the gnoll!
Your transformation is almost over.
You have reached level 3!
Your experience leads to an increase in your attributes!
Increase (S)trength, (I)ntelligence, or (D)exterity?
You feel clever.
You regained 2 hp, and now have 6/26 hp.
You closely miss the quokka.
The quokka bites you but does no damage.
You closely miss the quokka. Your kick misses the quokka.
Your headbutt misses the quokka. The quokka barely misses you. x2
You closely miss the quokka. The quokka bites you.
* * * LOW HITPOINT WARNING * * *
You take 4 damage, and have 2/26 hp.
You hit the quokka.
The quokka is lightly wounded.
The quokka bites you.
* * * LOW HITPOINT WARNING * * *
You take 1 damage, and have 1/26 hp.
You hit the quokka. Your kick misses the quokka.
The quokka is heavily wounded.
The quokka barely misses you.
You miss the quokka.
The quokka is heavily wounded.
The quokka bites you.
You die...

#......##..⌠.
#.#######.... #.# ##....
#.# #8.... #.# ##....
#.# #.... #.# #..⌠.
..##########.# #....
.....Jr@.....# #....
..######################
.....>(.......######
#..............#.##
######.######.##... #.#
#.##.## #.#### #.##.#
#....###.##.#
########.#.........#


You could see an endoplasm and a quokka.

Vanquished Creatures
  A gnoll (D:1)
  A bat (D:1)
  3 endoplasms (D:1)
  2 goblins (D:1)
  A hobgoblin (D:1)
  A ball python (D:1)
9 creatures vanquished.

Notes
Turn   | Place    | Note
-------+----------+-------------------------------------------
     0 | D:1      | SkeletonJelly the Human Wanderer began the quest for the
                  | Orb.
     0 | D:1      | SkeletonJelly set off with the following items: a +2
                  | dagger, 4 curare-tipped darts, a +0 spear, a +0 robe; and
                  | the following spell memorised: Beastly Appendage; and the
                  | following spells available to memorise: Spider Form
     0 | D:1      | Reached XP level 1. HP: 15/15 MP: 3/3
   173 | D:1      | Reached skill level 1 in Unarmed Combat
   175 | D:1      | Reached XP level 2. HP: 16/21 MP: 3/5
   384 | D:1      | Reached XP level 3. HP: 6/26 MP: 4/6
   387 | D:1      | HP: 1/26 [quokka (1)]
   389 | D:1      | Slain by a quokka

Illustrated notes

Levels and vault maps discovered:
D:1:      psy_arrival_statuary, layout_loops_ring,
          dreamdust_ecumenical_altar_drowned_temple, st_stairs_8, minmay_vboxes

Skill      XL: |  1 |
---------------+----+-----
Unarmed Combat | 1 |  1.8
Fighting       | |  1.0
Throwing       | |  1.0
Armour         | |  2.0
Stealth        | |  1.0
Spellcasting   | |  2.0
Transmutations | |  2.4
Poison Magic   | |  1.0

Action                   || total
-------------------------++-------
Melee: Unarmed           ||    23
       Dagger            ||     4
       Kick              ||     6
       Headbutt          ||     4
 Cast: Beastly Appendage ||     4
Armor: Robe              ||     3
Dodge: Dodged            ||    10

Table legend: (Time is in decaauts)
 A = Elapsed time spent in this place.
 B = Non-inter-level travel time spent in this place.
 C = Inter-level travel time spent in this place.
 D = Time resting spent in this place.
 E = Time spent auto-exploring this place.
 F = Levels seen in this place.
 G = Mean time per level.
                   A        B        C        D        E       F      G
               +--------+--------+--------+--------+--------+-----+--------+
         Total |    387 |    387 |      0 |      0 |    334 |   1 |  387.0 |
       Dungeon |    387 |    387 |      0 |      0 |    334 |   1 |  387.0 |
               +--------+--------+--------+--------+--------+-----+--------+

Top non-repeatable levels by time:
     D:1: 387 daAuts
